 Dungeon Crawl Stone Soup version 0.22-a0-897-g1b7a381375 (webtiles) character file.

177 Mirvelgyr the Chopper (level 5, 40/46 HPs)
             Began as a Deep Dwarf Fighter on July 31, 2018.
             Got out of the dungeon alive.
             The game lasted 00:03:44 (2360 turns).

Mirvelgyr the Chopper (Deep Dwarf Fighter)          Turns: 2360, Time: 00:03:45

Health: 40/46      AC:  6    Str: 21    XL:     5   Next: 30%
Magic:  5/5        EV:  7    Int:  8    God:
Gold:   110        SH:  9    Dex: 12    Spells: 4/4 levels left

rFire    . . .     SeeInvis +   a - +0 war axe
rCold    . . .     Gourm    .   c - +0 shield
rNeg     . . .     Faith    .   b - +0 scale mail
rPois    .         Spirit   .   (no helmet)
rElec    .         Reflect  .   (no cloak)
rCorr    .         Harm     .   (no gloves)
MR       .....                  (no boots)
Stlth    ..........             e - amulet of the acrobat
HPRegen  0.00/turn              h - ring of see invisible
MPRegen  0.09/turn              (no ring)

@: non-regenerating
A: damage resistance, heal wounds, sense surroundings 1, no regeneration
a: Heal Wounds


You escaped.
You were hungry.

You visited 2 branches of the dungeon, and saw 5 of its levels.

You collected 110 gold pieces.

Inventory:

Hand Weapons
 a - a +0 war axe (weapon)
Armour
 b - a +0 scale mail (worn)
 c - a +0 shield (worn)
Jewellery
 e - an amulet of the acrobat (around neck)
 h - a ring of see invisible (left hand)
Scrolls
 g - a scroll of noise {unknown}
 i - 5 scrolls of identify {unknown}
 k - a scroll of remove curse {unknown}
 q - a scroll of blinking {unknown}
 r - a scroll of fog {unknown}
Potions
 d - a potion of might
 j - a potion of curing {unknown}
 l - 2 potions of cancellation {unknown}
 m - 4 potions of lignification {unknown}
 o - a potion of brilliance {unknown}
 p - 2 potions of agility {unknown}
 s - a potion of flight {unknown}
Comestibles
 f - 4 rations


   Skills:
 - Level 2.7 Fighting
 + Level 6.0 Axes
 - Level 3.3 Armour
 - Level 3.3 Shields


You had 4 spell levels left.
You didn't know any spells.
Your spell library was empty.

Dungeon Overview and Level Annotations

Branches:
Dungeon (4/15)             Temple (1/1) D:4

Altars:
Ashenzari
Cheibriados
Dithmenos
Elyvilon
Fedhas
Gozag
Nemelex Xobeh
Okawaru
Ru
Sif Muna
Trog
Vehumet
Yredelemnul
Zin


Innate Abilities, Weirdness & Mutations

You are resistant to damage.
You can heal yourself by infusing magical energy.
You passively map a small area around you.
You do not regenerate.


Message History

There is a stone staircase leading up here.
You climb upwards.
There is a stone staircase leading down here.
There is a stone staircase leading up here.
You climb upwards.
There is a stone staircase leading down here.
There is an open door here.
There is an open door here.
There is an open door here.
There is an open door here.
There is an open door here.
There is an open door here.
There is a staircase leading out of the dungeon here.
(D) Dungeon (T) Temple
Where to? (Enter - D:1 @ (x,y), ? - help) You're already here!
Are you sure you want to leave the Dungeon?
This will make you lose the game! [Y]es or [N]o only, please.
Are you sure you want to leave the Dungeon?
This will make you lose the game!
You have escaped!

##.#.#.....# ###..####.
#.#.#.#.#.# ####### #..####.
#.#.#.#.#.# #.....# #.......
#.#.#.#.#.# #.....# ##.###..
#.#.#...#.#####.....# #...#..
#.#.#####.#...#.....# #.#.#..
#.#.# #.#...'.....# #......
#.#.#####.#...#####'######.#####
#.#.#.....##'##@#........#.).)..
##.#.#.###.##..#'#...[....#)#.###
.).#.#.# #.##..'.#........#.#.###
...#.#.###.#######........#(#.##.
...#.............#........#.#.##.
...###....######.'........#.#....
...# #....# #.#........#.####.
...###...># #.#........#.# #.
...'.#....# #.##########.# ##


There were no monsters in sight!

Vanquished Creatures
  A centaur skeleton (D:4)
  Jessica (D:2)
  6 adders
  An ooze (D:1)
  3 worms
  2 dart slugs
  4 leopard geckos
  An orc (D:3)
  6 giant cockroaches
  4 goblins
  4 hobgoblins
  2 kobolds
  3 quokkas
  A ball python (D:4)
  3 bats
  3 frilled lizards
  A quokka skeleton (D:4)
  5 rats
51 creatures vanquished.

Notes
Turn   | Place    | Note
-------+----------+-------------------------------------------
     0 | D:1      | Mirvelgyr the Deep Dwarf Fighter began the quest for the Orb.
     0 | D:1      | Reached XP level 1. HP: 20/20 MP: 1/1
   223 | D:1      | Reached XP level 2. HP: 27/27 MP: 2/2
   230 | D:1      | Reached skill level 3 in Axes
   528 | D:2      | Reached XP level 3. HP: 25/33 MP: 3/3
   564 | D:2      | Noticed Jessica
   571 | D:2      | Killed Jessica
   571 | D:2      | Reached skill level 4 in Axes
   626 | D:2      | Reached XP level 4. HP: 29/40 MP: 4/4
   772 | D:2      | Reached skill level 5 in Axes
  1683 | D:3      | Reached XP level 5. HP: 42/46 MP: 5/5
  1724 | D:3      | Found a faded altar of an unknown god.
  1872 | D:4      | Reached skill level 6 in Axes
  1963 | D:4      | Found a staircase to the Ecumenical Temple.
  2010 | Temple   | Entered the Ecumenical Temple
  2360 | D:$      | Got out of the dungeon alive.

Vault maps used:
D:1:      evilmike_arrival_fibonacci_small
D:2:      first_ration, uniq_jessica
D:3:      chequers_ecumenical_altar_lobes
D:4:      nicolae_overflow_crystal_walls, minmay_temple_entry_statues_pillars
Temple:   dpeg_chambers_temple

Skill      XL: |  1  2  3  4  5 |
---------------+----------------+-----
Axes           | 3 4 5 6 |  6.0
Fighting       | |  2.7
Armour         | |  3.3
Shields        | |  3.3

Action                   |  1- 3 |  4- 6 || total
-------------------------+-------+-------++-------
Melee: War axe           |    73 |   101 ||   174
 Abil: Heal Wounds       |     1 |     1 ||     2
  Eat: Chunk             |       |     4 ||     4
Armor: Scale mail        |    28 |    40 ||    68
Dodge: Dodged            |    17 |    25 ||    42
Block: Shield            |    41 |    61 ||   102

Table legend:
 A = Spawn XP
 B = Non-spawn XP
 C = Spawn XP percentage of total XP
 D = Spawn monster count
 E = Non-spawn monster count
 F = Spawn count percentage of total count
 G = Total turns spent on level
                    A         B        C        D         E        F      G
               +---------+---------+-------+---------+---------+-------+---------
         Total |       0 |     253 |   0.0 |       0 |      51 |   0.0 |  2360
               +---------+---------+-------+---------+---------+-------+---------
           D:1 |       0 |      37 |   0.0 |       0 |      16 |   0.0 |   519
           D:2 |       0 |     109 |   0.0 |       0 |      13 |   0.0 |   676
           D:3 |       0 |      54 |   0.0 |       0 |      14 |   0.0 |   704
           D:4 |       0 |      53 |   0.0 |       0 |       8 |   0.0 |   249
               +---------+---------+-------+---------+---------+-------+---------
